 Dungeon Crawl Stone Soup version 0.24-a0-355-gbe4061de67 (console) character file.

Game seed: 3475303117814249403

178 Voker57 the Slasher (level 5, -2/37 HPs)
             Began as a Demonspawn Monk on May 24, 2019.
             Was a Believer of Hepliaklqana.
             Killed from afar by Natasha (9 damage)
             ... with a magic dart
             ... on level 3 of the Dungeon.
             The game lasted 00:03:07 (2065 turns).

Voker57 the Slasher (Demonspawn Monk)               Turns: 2065, Time: 00:03:07

Health: -2/37      AC:  2    Str: 17    XL:     5   Next: 32%
Magic:  5/5        EV: 14    Int: 11    God:    Hepliaklqana [**....]
Gold:   77         SH:  0    Dex: 16    Spells: 4/4 levels left

rFire    . . .     SeeInvis .   a - +0 falchion
rCold    . . .     Gourm    .   (no shield)
rNeg     . . .     Faith    .   b - +0 robe
rPois    .         Spirit   .   (no helmet)
rElec    .         Reflect  .   (no cloak)
rCorr    .         Harm     .   (no gloves)
MR       .....                  (no boots)
Stlth    ++........             (no amulet)
HPRegen  0.12/turn              (no ring)
MPRegen  0.09/turn              (no ring)

@: mighty
A: reduced essence, hooves 1, spiny 1, sturdy frame 1
a: Recall Ancestor, Ancestor Identity, Renounce Religion


You were on level 3 of the Dungeon.
You worshipped Hepliaklqana.
Hepliaklqana was pleased with you.
You were not hungry.

You visited 1 branch of the dungeon, and saw 3 of its levels.

You collected 77 gold pieces.

Inventory:

Hand Weapons
 a - a +0 falchion (weapon)
Armour
 b - a +0 robe (worn)
Scrolls
 e - a scroll of enchant armour {unknown}
 g - a scroll of fear {unknown}
 h - 2 scrolls of magic mapping {unknown}
 j - 2 scrolls of teleportation {unknown}
 l - 2 scrolls of remove curse {unknown}
 m - 2 scrolls of identify {unknown}
 q - a scroll of enchant weapon {unknown}
Potions
 f - a potion of experience {unknown}
 i - a potion of resistance {unknown}
 k - 2 potions of haste {unknown}
 n - a potion of heal wounds {unknown}
 o - a potion of berserk rage {unknown}
 p - a potion of curing {unknown}
Comestibles
 c - 3 rations
 r - 9 chunks of flesh


   Skills:
 + Level 3.8 Fighting
 + Level 4.0 Long Blades
 + Level 3.7 Dodging
 + Level 2.4 Stealth


You had 4 spell levels left.
You didn't know any spells.
Your spell library was empty.

Dungeon Overview and Level Annotations

Branches:
Dungeon (3/15)

Altars:
Hepliaklqana

Annotations:
D:3 Natasha


Innate Abilities, Weirdness & Mutations

You have large cloven feet.
You are partially covered in sharp spines.
Your movements are slightly less encumbered by armour. (ER -2)
Your life essence is reduced to manifest your ancestor. (-10% HP)


Message History

The gnoll hits you from afar with a +0 spear.
Servia completely misses the gnoll.
Servia gestures at the gnoll while chanting.
The stone arrow hits the gnoll!
The gnoll dies!
Your Long Blades skill increases to level 4!
Servia hits the dart slug with a +0 quarterstaff!
The dart slug dies!
The crimson imp blinks!
Natasha claws you!
* * * LOW HITPOINT WARNING * * *
It was a potion of might.
You feel very mighty all of a sudden.
Servia gestures at Natasha while chanting.
The puff of frost hits Natasha!
Natasha claws you.
* * * LOW HITPOINT WARNING * * *
You barely miss Natasha. Your kick misses Natasha.
Natasha is heavily wounded.
Natasha casts a spell at you. The magic dart hits you!
You die...

#.######## ##.# #
#..# # #. #.## #
###.#######.####...
..
.........)...(...#
##
#####.R..).######
#.. #..###### ...
#...## . #.#.@##
#..##h.# #.#
##.######. ..
##.g......
..####.R.######.
.## #.....)).....
#.##>###g####
......# w.
....##### .. ### .


You could see the friendly Servia the battlemage, Natasha and a gnoll.

Vanquished Creatures
  A gnoll (D:3)
  An adder (D:2)
  2 dart slugs
  3 leopard geckos
  4 orcs (D:3)
  A ball python (D:2)
  6 hobgoblins
  2 jackals (D:1)
  9 kobolds
  A quokka (D:2)
  4 bats
  5 frilled lizards
  5 goblins
  4 rats
  A plant (D:1)
49 creatures vanquished.

Vanquished Creatures (collateral kills)
  A worker ant (D:2)
  An adder (D:2)
  6 gnolls (D:3)
  A dart slug (D:3)
  A bat (D:2)
10 creatures vanquished.

Grand Total: 59 creatures vanquished

Notes
Turn   | Place    | Note
-------+----------+-------------------------------------------
     0 | D:1      | Voker57 the Demonspawn Monk began the quest for the Orb.
     0 | D:1      | Reached XP level 1. HP: 18/18 MP: 1/1
   350 | D:1      | Gained mutation: You have large cloven feet. [demonic
                  | ancestry]
   350 | D:1      | Reached XP level 2. HP: 10/24 MP: 2/2
  1098 | D:2      | Reached skill level 3 in Long Blades
  1147 | D:2      | Reached XP level 3. HP: 25/29 MP: 3/3
  1262 | D:2      | Found a hazy altar of Hepliaklqana.
  1268 | D:2      | Became a worshipper of Hepliaklqana the Forgotten
  1268 | D:2      | Reached * piety under Hepliaklqana
  1268 | D:2      | Reached ** piety under Hepliaklqana
  1269 | D:2      | Remembered your ancestor Servia as a battlemage
  1424 | D:2      | Gained mutation: You are partially covered in sharp spines.
                  | [demonic ancestry]
  1424 | D:2      | Reached XP level 4. HP: 18/31 MP: 4/4
  2008 | D:3      | Gained mutation: Your movements are slightly less
                  | encumbered by armour. (ER -2) [demonic ancestry]
  2008 | D:3      | Reached XP level 5. HP: 32/37 MP: 5/5
  2051 | D:3      | Noticed Natasha
  2062 | D:3      | Reached skill level 4 in Long Blades
  2065 | D:3      | Killed from afar by Natasha

Levels and vault maps discovered:
D:1:      roderic_crop_circles_arrival_small, layout_basic
D:2:      layout_rooms, overflow_temple_1_default
D:3:      layout_rooms, minitemple, uniq_natasha, uniq_crazy_yiuf_cottage

Skill      XL: |  1  2  3  4  5 |
---------------+----------------+-----
Dodging        | 3 |  3.7
Long Blades    | 3 4 |  4.0
Stealth        | 2 |  2.4
Fighting       | |  3.8

Action                   |  1- 3 |  4- 6 || total
-------------------------+-------+-------++-------
Melee: Falchion          |   104 |    25 ||   129
       Kick              |    28 |     6 ||    34
Invok: Ancestor Life: Ba |     1 |       ||     1
  Use: Potion            |       |     1 ||     1
 Stab: Distracted        |     1 |       ||     1
       Sleeping          |       |     1 ||     1
  Eat: Chunk             |     1 |     3 ||     4
Armor: Robe              |     9 |       ||     9
Dodge: Dodged            |    65 |    23 ||    88
       Rpst.: Falchion   |    17 |     6 ||    23

Table legend:
 A = Non-vault XP
 B = Vault XP
 C = Vault XP percentage of total XP
 D = Non-vault monster count
 E = Vault monster count
 F = Vault count percentage of total count
                 A         B        C        D         E       F
            +---------+---------+-------+---------+---------+-------
      Total |     255 |       0 |   0.0 |      58 |       0 |   0.0
            +---------+---------+-------+---------+---------+-------
        D:1 |      32 |       0 |   0.0 |      19 |       0 |   0.0
        D:2 |      97 |       0 |   0.0 |      22 |       0 |   0.0
        D:3 |     126 |       0 |   0.0 |      17 |       0 |   0.0
            +---------+---------+-------+---------+---------+-------
